 Dungeon Crawl Stone Soup version 0.29.1-15-g9cfb28693d (webtiles) character file.

Game seed: 4406351907510795659

48 Heoruswealwe the Shooter (level 4, 0/34 HPs)
             Began as a Human Hunter on Mar 24, 2023.
             Slain by an orc
             ... wielding a +0 mace
              (1 damage)
             ... on level 2 of the Dungeon.
             The game lasted 00:09:17 (773 turns).

Heoruswealwe the Shooter (Human Hunter)              Turns: 773, Time: 00:09:19

Health: 0/34       AC:  3    Str: 12    XL:     4   Next: 0%
Magic:  4/4        EV: 12    Int:  9    God:
Gold:   29         SH:  0    Dex: 18    Spells: 3/3 levels left

rFire   . . .      SeeInvis .   a - +0 shortbow
rCold   . . .      Faith    .   (shield currently unavailable)
rNeg    . . .      Spirit   .   c - +0 leather armour
rPois   .          Reflect  .   (no helmet)
rElec   .          Harm     .   (no cloak)
rCorr   .          Rampage  .   (no gloves)
Will    .....                   (no boots)
Stlth   ++........              (no amulet)
HPRegen 0.11/turn               (no ring)
MPRegen 0.09/turn               (no ring)

@: no status effects
A: no striking features
a: no special abilities


You were on level 2 of the Dungeon.
You visited 1 branch of the dungeon, and saw 2 of its levels.

You collected 29 gold pieces.

Inventory:

Hand Weapons
 a - a +0 shortbow (weapon)
Armour
 c - a +0 leather armour (worn)
Scrolls
 b - 2 scrolls of blinking {unknown}
 f - a scroll of identify {unknown}
Potions
 d - a potion of flight {unknown}
 e - a potion of degeneration {unknown}
 g - a potion of attraction {unknown}


   Skills:
 + Level 2.6 Fighting
 + Level 4.3 Ranged Weapons
 + Level 2.5 Dodging
 + Level 1.9 Stealth


You had 3 spell levels left.
You didn't know any spells.
Your spell library contained the following spells:

 Spells                   Type           Power      Damage    Failure   Level
 Necrotise                Necr           0%         1d4       45%         1
 Sublimation of Blood     Necr           0%         N/A       61%         2
 Vampiric Draining        Necr           0%         2d6       83%         3
 Anguish                  Hex/Necr       0%         N/A       99%         4


Dungeon Overview and Level Annotations

Branches:
Dungeon (2/15)

Altars:
Kikubaaqudgha

Shops:
D:1 [


Message History

The orc is moderately wounded.
The orc barely misses you. The orc hits you with a +0 dagger.
The orc closely misses you.
You are too injured to fight recklessly!
You are too injured to fight recklessly!
You don't know any spells.
Fire: a) +0 shortbow
Press: ? - help, Q - select action Shift-Dir - straight line, f/p - orc
Aim: an orc, wielding a +0 whip (moderately wounded, 64% to hit)
You shoot an arrow. The arrow hits the orc.
The orc is heavily wounded.
The orc completely misses you. The orc misses you.
The orc hits you with a +0 dagger. x2; The orc barely misses you.
Fire: a) +0 shortbow
Press: ? - help, Q - select action Shift-Dir - straight line, f/p - orc
Aim: an orc, wielding a +0 whip (heavily wounded, 64% to hit)
You shoot an arrow. The arrow closely misses the orc.
The arrow hits the orc!
You kill the orc!
The orc hits you with a +0 mace.
* * * LOW HITPOINT WARNING * * *
The orc hits you but does no damage. The orc hits you with a +0 dagger.
* * * LOW HITPOINT WARNING * * *
You have reached level 4!
You feel stronger.
Fire: a) +0 shortbow
Press: ? - help, Q - select action Shift-Dir - straight line, f - orc
Aim: an orc, wielding a +1 dagger of speed (64% to hit)
You shoot an arrow. The arrow barely misses the orc.
The orc barely misses you. The orc hits you but does no damage.
The orc hits you with a +0 dagger.
* * * LOW HITPOINT WARNING * * *
The orc hits you with a +1 dagger of speed.
* * * LOW HITPOINT WARNING * * *
Fire: a) +0 shortbow
Press: ? - help, Q - select action Shift-Dir - straight line, f/p - orc
Aim: an orc, wielding a +1 dagger of speed (64% to hit)
You shoot an arrow. The arrow hits the orc.
The orc is severely wounded.
The orc hits you with a +0 mace.
You die...

##########
.........##
......o@..#
.....)oo...#
...........#
...........#
...........#
...........#
..........##
.........##


You could see 3 orcs.

Vanquished Creatures
  An orc wizard (D:2)
  A dart slug (D:1)
  An orc (D:2)
  4 ball pythons (D:1)
  2 endoplasms (D:1)
  A giant cockroach (D:1)
  2 goblins (D:1)
  A quokka (D:1)
  A frilled lizard (D:1)
  2 kobolds (D:1)
  2 rats (D:2)
18 creatures vanquished.

Notes
Turn   | Place    | Note
-------+----------+-------------------------------------------
     0 | D:1      | Heoruswealwe the Human Hunter began the quest for the Orb.
     0 | D:1      | Reached XP level 1. HP: 16/16 MP: 1/1
   195 | D:1      | Reached XP level 2. HP: 17/22 MP: 2/2
   249 | D:1      | Found a faded altar of an unknown god.
   272 | D:1      | Prayed at the altar of an unknown god.
   272 | D:1      | Became a worshipper of Kikubaaqudgha
   272 | D:1      | Reached * piety under Kikubaaqudgha
   272 | D:1      | Received a gift from Kikubaaqudgha
   284 | D:1      | Fell from the grace of Kikubaaqudgha
   319 | D:1      | Found Iptihyvo's Armour Emporium.
   757 | D:2      | Reached XP level 3. HP: 28/28 MP: 3/3
   772 | D:2      | Reached XP level 4. HP: 4/34 MP: 4/4
   772 | D:2      | HP: 1/34 [orc/+1 dagger of speed (1)]
   773 | D:2      | Slain by an orc

Illustrated notes

Levels and vault maps discovered:
D:1:      evilmike_arrival_crescent, layout_loops_ring,
          hellmonk_ecumenical_altar_blasted, serial_shops, shop,
          minmay_shallow_snake_nest
D:2:      layout_rooms, basic_altar, minmay_indecisive_spiral

Action                   |  1- 3 |  4- 6 || total
-------------------------+-------+-------++-------
 Fire: Shortbow          |    62 |     2 ||    64
Invok: Renounce Religion |     1 |       ||     1
Armor: Leather armour    |     5 |     1 ||     6
Dodge: Dodged            |    25 |     1 ||    26
